 Dungeon Crawl Stone Soup version 0.29.1-13-g9f3cf754e1 (webtiles) character file.

Game seed: 10750488199874120330

309 cheesebisquit the Shooter (level 6, -6/45 HPs)
             Began as a Minotaur Hunter on Jan 27, 2023.
             Mangled by a howler monkey (7 damage)
             ... on level 4 of the Dungeon.
             The game lasted 00:09:23 (3011 turns).

cheesebisquit the Shooter (Minotaur Hunter)         Turns: 3011, Time: 00:09:23

Health: -6/45      AC:  4    Str: 15      XL:     6   Next: 17%
Magic:  5/5        EV: 12    Int:  5 (6)  God:
Gold:   88         SH:  0    Dex: 16      Spells: 5/5 levels left

rFire   + . .      SeeInvis .   a - +0 shortbow
rCold   + . .      Faith    .   (shield currently unavailable)
rNeg    . . .      Spirit   .   c - +0 leather armour
rPois   .          Reflect  .   (helmet restricted)
rElec   .          Harm     .   d - scarf {rC+ rF+}
rCorr   .          Rampage  .   h - +0 pair of gloves
Will    +....                   (no boots)
Stlth   ++........              (no amulet)
HPRegen 0.15/turn               k - ring of willpower
MPRegen 0.09/turn               (no ring)

@: brilliant, weakened
A: horns 2, retaliatory headbutt, frail 1
a: no special abilities


You were on level 4 of the Dungeon.
You visited 1 branch of the dungeon, and saw 4 of its levels.

You collected 88 gold pieces.

Inventory:

Hand Weapons
 a - a +0 shortbow (weapon)
Missiles
 l - 3 atropa-tipped darts
 m - 4 poisoned darts
 o - 5 datura-tipped darts
Armour
 c - a +0 leather armour (worn)
 d - a scarf of resistance (worn)
 h - a +0 pair of gloves (worn)
Jewellery
 e - an amulet of faith
 k - a ring of willpower (left hand)
Scrolls
 b - a scroll of immolation
 f - a scroll of noise
 g - 3 scrolls of identify
 i - 2 scrolls of amnesia
 n - 3 scrolls of blinking {unknown}


   Skills:
 - Level 3.3 Fighting
 + Level 7.3 Ranged Weapons
 - Level 3.0 Dodging
 - Level 1.7 Stealth


You had 5 spell levels left.
You didn't know any spells.
Your spell library was empty.

Dungeon Overview and Level Annotations

Branches:
Dungeon (4/15)
 Temple: D:4-7

Altars:
Dithmenos
Nemelex Xobeh
Zin


Innate Abilities, Weirdness & Mutations

You have a pair of horns on your head.
You reflexively headbutt those who attack you in melee.
You are frail. (-10% HP)


Message History

You feel your strength returning.
Fire: a) +0 shortbow
Press: ? - help, Q - select action, (/) - cycle Shift-Dir - straight line, f - howler monkey
Aim: a howler monkey (61% to hit)
You shoot an arrow.
The arrow barely misses the howler monkey.
The arrow hits the gnoll!
The gnoll is severely wounded.
The gnoll closely misses you. The howler monkey closely misses you.
The gnoll bouda gazes fiercely through you!
You feel your attacks grow feeble.
Fire: a) +0 shortbow
Press: ? - help, Q - select action, (/) - cycle Shift-Dir - straight line, f/p - howler monkey
Aim: a howler monkey (61% to hit)
You shoot an arrow.
The arrow barely misses the howler monkey.
The arrow hits the ball python.
You kill the ball python!
The howler monkey hits you.
* * * LOW HITPOINT WARNING * * *
The howler monkey hits you.
* * * LOW HITPOINT WARNING * * *
It was a potion of brilliance.
You feel clever all of a sudden.
The gnoll is no longer moving quickly. x2
The gnoll bouda barks out a call to the hunt!
The gnolls pick up the pace!
The howler monkey hoots and howls with incredible vigour!
You hear a shout! x4
As you read the scroll labelled OLIUCOSKAISCH, it crumbles to dust.
You hear a loud clanging noise!
It was a scroll of noise.
The gnoll is no longer moving quickly.
The howler monkey hits you.
* * * LOW HITPOINT WARNING * * *
A black bear comes into view.
As you read the scroll labelled YCAROLE GAROR, it crumbles to dust.
It is a scroll of identify.
i - 2 scrolls of amnesia The gnoll is no longer moving quickly.
The howler monkey hits you!
You die...

#...## ..
##..## ..
##..## ##S
##..# #..
##..#
#####..
##..##
......B##
##.###
#..gJg###.##


#gJKggh@## #h.####### K.. g You could see a black bear, a gnoll bouda, a howler
monkey, 4 gnolls, 2 endoplasms and a kobold (summoned).

Vanquished Creatures
  An ice beast (D:3)
  A hound (D:4)
  An orc priest (D:3)
  Jessica (D:2)
  5 adders
  2 worms (D:2)
  3 orcs (D:3)
  8 ball pythons
  8 endoplasms
  9 giant cockroaches
  3 goblins
  5 hobgoblins
  4 jackals (D:3)
  4 quokkas (D:3)
  5 bats
  4 frilled lizards
  3 kobolds
  4 rats
71 creatures vanquished.

Notes
Turn   | Place    | Note
-------+----------+-------------------------------------------
     0 | D:1      | cheesebisquit the Minotaur Hunter began the quest for the
                  | Orb.
     0 | D:1      | Reached XP level 1. HP: 18/18 MP: 0/0
    28 | D:1      | Found a faded altar of an unknown god.
   170 | D:1      | Reached skill level 1 in Stealth
   345 | D:1      | Reached XP level 2. HP: 25/25 MP: 1/1
   673 | D:2      | Reached XP level 3. HP: 9/31 MP: 2/2
   940 | D:2      | Noticed Jessica
   946 | D:2      | Killed Jessica
  1123 | D:2      | Reached skill level 5 in Ranged Weapons
  1123 | D:2      | Reached XP level 4. HP: 38/38 MP: 3/3
  1290 | D:2      | Found a glowing silver altar of Zin.
  1489 | D:2      | You fall into a shaft and drop 1 floor!
  1646 | D:3      | Noticed an ice beast
  1654 | D:3      | Gained mutation: You are frail. (-10% HP) [potion of
                  | mutation]
  1881 | D:3      | Found a shadowy altar of Dithmenos.
  2398 | D:3      | Killed an ice beast
  2399 | D:3      | Reached skill level 6 in Ranged Weapons
  2399 | D:3      | Reached XP level 5. HP: 23/40 MP: 4/4
  2553 | D:3      | Reached skill level 7 in Ranged Weapons
  2655 | D:3      | Reached XP level 6. HP: 45/45 MP: 5/5
  2930 | D:4      | Found a sparkling altar of Nemelex Xobeh.
  3010 | D:4      | HP: 1/45 [howler monkey (5)]
  3011 | D:4      | Mangled by a howler monkey

Illustrated notes

Levels and vault maps discovered:
D:1:      saegor_arrival_simple_a, layout_loops_ring,
          shapermc_ecumenical_altar_starsandcircs
D:2:      minmay_door_path, layout_basic, basic_altar, roderic_serpentine_path,
          minmay_nonomino_d4, uniq_natasha, uniq_jessica
D:3:      layout_loops_corners, mainiacjoe_overflow_concentric_impassable,
          gup_sewer_entry_pipe
D:4:      layout_layer_cave, mainiacjoe_overflow_24_doors, minmay_fountain_box,
          uniq_robin

Skill      XL: |  1  2  3  4  5 |
---------------+----------------+-----
Stealth        | 1 |  1.7
Fighting       | 3 |  3.3
Dodging        | 3 |  3.0
Ranged Weapons | 5 6 7 |  7.3

Action                   |  1- 3 |  4- 6 || total
-------------------------+-------+-------++-------
 Fire: Shortbow          |    74 |   126 ||   200
  Use: Potion            |     1 |     4 ||     5
       Scroll            |       |     3 ||     3
Armor: Leather armour    |     7 |    13 ||    20
Dodge: Dodged            |    16 |    41 ||    57
